[Event "Titled Tuesday Blitz April 26 Late 2022"]
[White "Martin Barcelo, Carles"]
[Black "Sailer, Mike"]
[WhiteFideId "24561444"]
[BlackFideId "2012901"]
[WhiteElo "1875"]
[BlackElo "2109"]
[Result "1-0"]
[Round "11"]
[TimeControl "180+1"]
[Date "2022.04.26"]
[WhiteClock "0:00:04"]
[BlackClock "0:00:02"]

1. e4 d5 2. exd5 Qxd5 3. Nc3 Qd6 4. d4 Nf6 5. Nf3 c6 6. Ne5 Nbd7 7. Nc4 Qc7 8. a4 Nb6 9. Ne5 Nbd5 10. Nxd5 Nxd5 11. g3 Bf5 12. c3 e6 13. Bg2 Bd6 14. Qe2 O-O 15. a5 a6 16. O-O c5 17. Nf3 h6 18. Rd1 Rad8 19. dxc5 Bxc5 20. Ne5 Ne7 21. Bf4 Qc8 22. Nc4 Rxd1+ 23. Rxd1 Nc6 24. Bd6 Bxd6 25. Nxd6 Qc7 26. Nxf5 exf5 27. b4 g6 28. Qe3 h5 29. Qc5 Rc8 30. Rd3 Qe5 31. Qxe5 Nxe5 32. Re3 Nc4 33. Re7 Nd6 34. Bxb7 Nxb7 35. Rxb7 Rxc3 36. Rb6 Rb3 37. f4 Kf8 38. Kf1 Ke7 39. Ke2 Rb2+ 40. Ke3 Rxh2 41. Rxa6 Rg2 42. Kf3 Rb2 43. Rb6 f6 44. a6 g5 45. fxg5 fxg5 46. a7 Rb3+ 47. Kf2 Ra3 48. Rb7+ Ke6 49. b5 Ra2+ 50. Kf3 Ra3+ 51. Kg2 Ra2+ 52. Kh3 Kf6 53. Rb6+ Ke5 54. Ra6 g4+ 55. Kh4 Rh2+ 56. Kg5 1-0


[Site "https://www.chess.com"]

[Event "Titled Tuesday Blitz April 26 Late 2022"]
[White "Martinez Reyes, Pedro Ramon"]
[Black "Buchenau, Frank"]
[WhiteFideId "3901807"]
[BlackFideId "4604350"]
[WhiteElo "2410"]
[BlackElo "2193"]
[Result "1-0"]
[Round "11"]
[TimeControl "180+1"]
[Date "2022.04.26"]
[WhiteClock "0:01:39"]
[BlackClock "0:00:10"]

1. f4 d5 2. Nf3 g6 3. e3 Bg7 4. Be2 c5 5. O-O Nc6 6. d3 Nf6 7. Qe1 O-O 8. a3 Re8 9. Ne5 Qc7 10. Nxc6 Qxc6 11. Nd2 e5 12. fxe5 Rxe5 13. Qg3 Re8 14. Nf3 Nh5 15. Qf2 Nf6 16. h3 b6 17. Bd2 Bb7 18. Rae1 Re7 19. Bd1 Rae8 20. Bc1 b5 21. Nh2 a5 22. Ng4 Nh5 23. Nh2 Nf6 24. Bf3 b4 25. axb4 axb4 26. b3 Nd7 27. Bd1 Bc3 28. Re2 f5 29. Nf3 Bg7 30. Qh4 c4 31. bxc4 dxc4 32. Bd2 c3 33. Bc1 Qb6 34. Qc4+ Kh8 35. Ng5 Ne5 36. Qb3 h6 37. Nf3 Nxf3+ 38. gxf3 f4 39. Rfe1 Bxf3 40. Rf2 Bxd1 41. Rxd1 fxe3 42. Re2 Qc5 43. Qc4 Qg5+ 44. Qg4 Qxg4+ 45. hxg4 Bf6 46. Kg2 Bg5 47. Rf1 Kg7 48. Rf3 h5 49. gxh5 gxh5 50. Rg3 Kh6 51. Re1 Bh4 52. Rgxe3 Bxe1 53. Rxe7+ Kg6 54. Rxe8 Bd2 55. Rb8 Bxc1 56. Rxb4 Kg5 57. Kf3 h4 58. Rb5+ Kg6 59. Kg4 h3 60. Rh5 1-0


[Site "https://www.chess.com"]

[Event "Titled Tuesday Blitz April 26 Late 2022"]
[White "Mayaud, Raphael"]
[Black "Skliarov, Viktor"]
[WhiteFideId "627151"]
[BlackFideId "14106736"]
[WhiteElo "2191"]
[BlackElo "2229"]
[Result "0-1"]
[Round "11"]
[TimeControl "180+1"]
[Date "2022.04.26"]
[WhiteClock "0:00:32"]
[BlackClock "0:00:14"]

1. d4 Nf6 2. Bg5 Ne4 3. Bf4 c5 4. f3 Qa5+ 5. c3 Nf6 6. Nd2 cxd4 7. Nb3 Qb6 8. Qxd4 Nc6 9. Qxb6 axb6 10. Nd4 e5 11. Nxc6 exf4 12. Nd4 Nd5 13. g3 g6 14. gxf4 Nxf4 15. Nh3 Bh6 16. Nxf4 Bxf4 17. e4 O-O 18. Bh3 Ra5 19. Kf2 Rh5 20. Bg4 Rxh2+ 21. Rxh2 Bxh2 22. Nb5 d6 23. Bxc8 Rxc8 24. Rd1 Rd8 25. c4 h5 26. Nc3 Be5 27. Nd5 Bxb2 28. Nxb6 Be5 29. c5 Kf8 30. Nc4 Ke7 31. Rb1 Bd4+ 32. Ke2 Bxc5 33. Rxb7+ Rd7 34. Rb5 Ra7 35. Rb2 Ke6 36. Nd2 f5 37. exf5+ gxf5 38. Nb3 Ba3 39. Rc2 h4 40. Kf2 Rg7 41. Rc4 h3 42. Rh4 Rg2+ 43. Ke3 h2 44. Nd2 Bc1 0-1


[Site "https://www.chess.com"]

[Event "Titled Tuesday Blitz April 26 Late 2022"]
[White "Melikhov, Evgeny V."]
[Black "Pinheiro, Iung Alicio de O."]
[WhiteFideId "4122046"]
[BlackFideId "2104350"]
[WhiteElo "1931"]
[BlackElo "2454"]
[Result "0-1"]
[Round "11"]
[TimeControl "180+1"]
[Date "2022.04.26"]
[WhiteClock "0:00:01"]
[BlackClock "0:00:20"]

1. d4 c5 2. d5 e5 3. e4 d6 4. Nc3 a6 5. a4 Be7 6. Bd3 Bg5 7. Nf3 Bxc1 8. Qxc1 Ne7 9. O-O O-O 10. h3 h6 11. a5 Ng6 12. Kh2 Nf4 13. Ne2 Nxe2 14. Bxe2 f5 15. exf5 Bxf5 16. Ra4 Nd7 17. Bd3 Bxd3 18. cxd3 b5 19. axb6 Qxb6 20. Rg4 Nf6 21. Rg6 Kh7 22. Nh4 Qb4 23. g3 Nxd5 24. Rxd6 Qd4 25. Qc4 Rxf2+ 26. Rxf2 Qxf2+ 27. Ng2 Qxg2+ 28. Kxg2 Ne3+ 29. Kf3 Nxc4 30. dxc4 Rb8 31. Rxa6 Rb4 32. Re6 Rxc4 33. Rxe5 Rc2 34. g4 c4 35. Rc5 Rh2 36. Kg3 Rc2 37. h4 Kg6 38. Rc6+ Kf7 39. h5 Ke7 40. Kf4 Kd7 41. Rc5 Kd6 42. Rc8 Kd5 43. Rb8 Rf2+ 44. Ke3 Rf7 45. Rb5+ Kc6 46. Re5 Rd7 47. g5 hxg5 48. Rxg5 Kb6 49. h6 gxh6 50. Rg6+ Kb5 51. Rxh6 Rd3+ 52. Ke2 Rb3 0-1


[Site "https://www.chess.com"]

[Event "Titled Tuesday Blitz April 26 Late 2022"]
[White "Mikhalsky, Vladimir"]
[Black "Bachmann, Axel"]
[WhiteFideId "14144352"]
[BlackFideId "3700488"]
[WhiteElo "2301"]
[BlackElo "2587"]
[Result "1/2-1/2"]
[Round "11"]
[TimeControl "180+1"]
[Date "2022.04.26"]
[WhiteClock "0:00:08"]
[BlackClock "0:00:10"]

1. e4 c5 2. Nf3 d6 3. Bb5+ Nd7 4. O-O a6 5. Be2 Ngf6 6. Nc3 g6 7. d4 cxd4 8. Nxd4 Bg7 9. f3 b5 10. Be3 Bb7 11. a3 O-O 12. Qd2 Rc8 13. Bh6 Qb6 14. Bxg7 Kxg7 15. Kh1 h6 16. Nd1 Rc7 17. Ne3 e6 18. c3 Kh7 19. Bd3 Ne5 20. Bc2 Nc4 21. Nxc4 bxc4 22. Rab1 Qc5 23. Rfd1 Rd8 24. Ne2 Bc6 25. Qf4 Qg5 26. Qxg5 hxg5 27. Rd4 d5 28. Rbd1 Rdc8 29. Ng3 e5 30. R4d2 dxe4 31. Nxe4 Bxe4 32. Bxe4 Nxe4 33. fxe4 Rb8 34. h3 Rcb7 35. Rd7 Kg7 36. Rxb7 Rxb7 37. Rd2 a5 38. Kg1 f5 39. Kf2 Rb5 40. Ke3 Kf6 41. a4 Rb6 42. g3 Ra6 43. Rd5 Ke6 44. Rb5 Rd6 45. Rxa5 Rd3+ 46. Kf2 Rd2+ 47. Ke3 Rd3+ 48. Kf2 Rd2+ 49. Kf1 Rxb2 50. Ra6+ Kf7 51. Rc6 Rb3 52. Rxc4 Ra3 53. Ke2 Ke6 54. Kd3 Ra2 55. Rc6+ Kf7 56. Ra6 Rg2 57. Kc4 Rxg3 58. a5 Re3 59. exf5 gxf5 60. Kd5 f4 61. Ra7+ Kf6 62. a6 Rxc3 63. Ra8 Ra3 64. Ke4 Ra4+ 65. Kf3 Ra3+ 66. Kg4 Rg3+ 67. Kh5 Rxh3+ 68. Kg4 Rg3+ 69. Kh5 Kf5 70. Rf8+ Ke4 71. a7 Ra3 72. a8=Q+ Rxa8 73. Rxa8 f3 74. Kxg5 f2 75. Rf8 Ke3 76. Kg4 Ke2 77. Kg3 f1=Q 78. Rxf1 Kxf1 79. Kf3 Ke1 80. Ke4 Ke2 81. Kxe5 1/2-1/2


[Site "https://www.chess.com"]

[Event "Titled Tuesday Blitz April 26 Late 2022"]
[White "Miszler, Levente"]
[Black "Romanchuk, Viktor"]
[WhiteFideId "763276"]
[BlackFideId "14109271"]
[WhiteElo "1966"]
[BlackElo "2242"]
[Result "0-1"]
[Round "11"]
[TimeControl "180+1"]
[Date "2022.04.26"]
[WhiteClock "0:00:31"]
[BlackClock "0:00:13"]

1. Nf3 d5 2. c4 c6 3. b3 Bf5 4. Bb2 e6 5. g3 Nd7 6. Bg2 h6 7. O-O Ngf6 8. d3 Bc5 9. Nbd2 O-O 10. Re1 Bh7 11. h3 Qe7 12. e4 dxe4 13. dxe4 e5 14. a3 a5 15. Qe2 Rfe8 16. Red1 Bd6 17. Ne1 Nc5 18. Nd3 Nfd7 19. Nxc5 Nxc5 20. b4 axb4 21. axb4 Na4 22. Ba3 Nc3 23. Qd3 Nxd1 24. c5 Bc7 25. Rxd1 Red8 26. Qc3 Qd7 27. Bb2 Qd3 28. Bf3 Qxc3 29. Bxc3 Ra3 30. Nb1 Rxd1+ 31. Bxd1 Ra2 32. Bb3 Ra8 33. f3 Kf8 34. Kf2 f6 35. Ke3 Bg8 36. Bc2 Ra2 37. Bd3 Rg2 38. g4 Rh2 39. Bf1 g5 40. Nd2 Be6 41. Bb2 h5 42. Bc3 h4 43. Bb2 b6 44. Bc3 Ke7 45. Kd3 Bc8 46. Ke3 Kd8 47. Be2 Rxh3 48. Kf2 Rh2+ 49. Ke1 h3 50. Nf1 Rg2 51. Ne3 Rxe2+ 52. Kxe2 h2 0-1


[Site "https://www.chess.com"]

[Event "Titled Tuesday Blitz April 26 Late 2022"]
[White "Moraes, Nelson da Silva"]
[Black "Czopor, Maciej"]
[WhiteFideId "2140772"]
[BlackFideId "21805431"]
[WhiteElo "2528"]
[BlackElo "2677"]
[Result "1-0"]
[Round "11"]
[TimeControl "180+1"]
[Date "2022.04.26"]
[WhiteClock "0:02:07"]
[BlackClock "0:01:58"]

1. e4 c6 2. d4 d5 3. exd5 cxd5 4. c4 dxc4 5. Bxc4 e6 6. Nf3 Nd7 7. O-O Nb6 8. Bd3 Nf6 9. Nc3 Bd7 10. Bg5 Be7 11. Ne5 Rc8 12. Qf3 h6 13. Be3 O-O 14. Qg3 Kh8 15. Qh3 Ng8 16. Qf3 Bf6 17. Qe4 g6 18. h4 h5 19. Nxg6+ fxg6 20. Qxg6 Qe7 21. Qxh5+ Kg7 22. Qh7# 1-0


[Site "https://www.chess.com"]

[Event "Titled Tuesday Blitz April 26 Late 2022"]
[White "Moral Garcia, Serafin"]
[Black "Stanisz, Patryk"]
[WhiteFideId "2201925"]
[BlackFideId "1123106"]
[WhiteElo "2228"]
[BlackElo "1833"]
[Result "1-0"]
[Round "11"]
[TimeControl "180+1"]
[Date "2022.04.26"]
[WhiteClock "0:01:33"]
[BlackClock "0:00:01"]

1. e4 c5 2. Nf3 Nc6 3. Bb5 g6 4. O-O Bg7 5. Re1 Nf6 6. e5 Nd5 7. Nc3 Nxc3 8. dxc3 O-O 9. Bg5 Qc7 10. Qd5 b6 11. Rad1 Rb8 12. Qe4 Bb7 13. Qh4 Rfe8 14. Bh6 a6 15. Ng5 Bxe5 16. Bxc6 Bxc6 17. Nxh7 Bxh2+ 18. Kh1 Be5 19. Bg5 Bg7 20. Bxe7 Rxe7 21. Rxe7 Qb7 22. Ng5 1-0


[Site "https://www.chess.com"]

[Event "Titled Tuesday Blitz April 26 Late 2022"]
[White "Moskalenko, Alexander"]
[Black "Keymer, Vincent"]
[WhiteFideId "4155351"]
[BlackFideId "12940690"]
[WhiteElo "2434"]
[BlackElo "2557"]
[Result "0-1"]
[Round "11"]
[TimeControl "180+1"]
[Date "2022.04.26"]
[WhiteClock "0:01:09"]
[BlackClock "0:00:11"]

1. c4 Nf6 2. Nc3 e6 3. d4 Bb4 4. Qc2 c5 5. dxc5 O-O 6. Nf3 Na6 7. a3 Bxc3+ 8. Qxc3 Nxc5 9. b4 Nce4 10. Qd4 d6 11. Nd2 e5 12. Qd3 Bf5 13. Nxe4 Bxe4 14. Qd2 a5 15. f3 Bg6 16. e4 axb4 17. Qxb4 Nxe4 18. fxe4 Qh4+ 19. Kd1 Qxe4 20. Bd2 Rfc8 21. h3 d5 22. Be2 Qxg2 23. Re1 Qe4 24. Rc1 d4 25. Bg4 Qd3 26. Rxe5 Re8 27. Qb5 Qf1+ 28. Be1 Qd3+ 29. Bd2 f6 30. Be2 Qxh3 31. Qd5+ Kh8 32. Rxe8+ Rxe8 33. Qf3 Qe6 34. c5 d3 35. Bxd3 Qb3+ 36. Rc2 Bxd3 0-1


[Site "https://www.chess.com"]

[Event "Titled Tuesday Blitz April 26 Late 2022"]
[White "Nakamura, Hikaru"]
[Black "Jobava, Baadur"]
[WhiteFideId "2016192"]
[BlackFideId "13601520"]
[WhiteElo "2850"]
[BlackElo "2617"]
[Result "0-1"]
[Round "11"]
[TimeControl "180+1"]
[Date "2022.04.26"]
[WhiteClock "0:00:06"]
[BlackClock "0:00:16"]

1. Nf3 d5 2. e3 c6 3. c4 Nf6 4. d4 Bg4 5. h3 Bxf3 6. Qxf3 e6 7. Nc3 Nbd7 8. Bd3 g6 9. O-O Bg7 10. b3 O-O 11. Bb2 Re8 12. Rfd1 a6 13. Bf1 Qe7 14. Rac1 h5 15. g3 Qb4 16. Qe2 Qe7 17. Bg2 Qb4 18. Rb1 Qe7 19. Qc2 Rac8 20. Qc1 Qd6 21. a4 Bh6 22. Qc2 Bg7 23. Ra1 Qb8 24. Rac1 Bf8 25. e4 dxe4 26. Nxe4 Nxe4 27. Bxe4 Bg7 28. b4 Red8 29. h4 Nf6 30. Bf3 Rd7 31. Rd3 Rcd8 32. Rcd1 Ne8 33. Qc3 Nd6 34. Qc2 Nf5 35. d5 Bxb2 36. Qxb2 cxd5 37. cxd5 e5 38. Bg2 Re7 39. Re1 Rde8 40. d6 Nxd6 41. Red1 Nf5 42. Rd7 Nd4 43. Rxe7 Rxe7 44. a5 Qd6 45. Qd2 Kg7 46. Kh1 Qf6 47. Qe3 Rc7 48. Rf1 Rc4 49. f4 Nf5 50. Qb3 Qe6 51. Bxb7 exf4 52. gxf4 Ne3 53. Qb2+ Kh7 54. Re1 Rxf4 55. Qh2 Qc4 56. Bxa6 Qe4+ 0-1


[Site "https://www.chess.com"]

[Event "Titled Tuesday Blitz April 26 Late 2022"]
[White "Oro, Luis"]
[Black "Winkels, Marcel"]
[WhiteFideId "104094"]
[BlackFideId "1003887"]
[WhiteElo "2364"]
[BlackElo "1900"]
[Result "1-0"]
[Round "11"]
[TimeControl "180+1"]
[Date "2022.04.26"]
[WhiteClock "0:00:44"]
[BlackClock "0:00:52"]

1. e4 c5 2. Nf3 e6 3. d4 cxd4 4. Nxd4 a6 5. c4 d6 6. Nc3 Nf6 7. Be2 g6 8. O-O Bg7 9. Be3 O-O 10. Rc1 Bd7 11. f4 Bc6 12. Bf3 e5 13. fxe5 dxe5 14. Nc2 Nbd7 15. Nd5 Bxd5 16. cxd5 Rc8 17. Nb4 Rxc1 18. Qxc1 Qa5 19. a3 Nb6 20. Nd3 Nfd7 21. Qc2 Rc8 22. Qb3 Nc4 23. Rc1 b5 24. Nb4 Qd8 25. Nc6 Qh4 26. Bf2 Qf6 27. Rc2 Bh6 28. a4 Nd2 29. Qd3 Nxf3+ 30. Qxf3 Qxf3 31. gxf3 bxa4 32. Ne7+ Kf8 33. Nxc8 1-0


[Site "https://www.chess.com"]

[Event "Titled Tuesday Blitz April 26 Late 2022"]
[White "Paravyan, David"]
[Black "Svane, Frederik"]
[WhiteFideId "4194985"]
[BlackFideId "12923044"]
[WhiteElo "2569"]
[BlackElo "2459"]
[Result "1/2-1/2"]
[Round "11"]
[TimeControl "180+1"]
[Date "2022.04.26"]
[WhiteClock "0:00:05"]
[BlackClock "0:00:08"]

1. e4 c5 2. Nf3 e6 3. d4 cxd4 4. Nxd4 Nc6 5. Nc3 a6 6. Nxc6 bxc6 7. Qf3 d5 8. Qg3 Nf6 9. Bd3 h5 10. Bg5 Be7 11. Qh4 Nd7 12. Bxe7 Qxe7 13. Qxe7+ Kxe7 14. O-O-O Bb7 15. Rhe1 h4 16. Na4 Rh5 17. c4 d4 18. Be2 Rg5 19. Rxd4 c5 20. Rxd7+ Kxd7 21. Nb6+ Kc6 22. Nxa8 Rxg2 23. e5 Rxf2 24. Bd3 Kd7 25. Nb6+ Kc7 26. Na4 Rxh2 27. Nxc5 Bg2 28. Kd2 g5 29. Ke3 g4 30. Kf4 g3 31. Kg4 Bc6 32. Be4 g2 33. Rg1 h3 34. Kg3 Rh1 35. Rxh1 gxh1=Q 36. Bxh1 Bxh1 37. Nxa6+ Kb6 38. Nb8 Kc7 39. Na6+ Kb6 40. Nb4 Kc5 41. Nd3+ Kxc4 42. Nf4 Kd4 43. Nxh3 Kxe5 44. a4 Kd4 45. Ng5 Bc6 46. a5 Kc5 47. Nxf7 Kb5 48. Nd8 Bd5 49. Kf4 Kxa5 50. Ke3 Kb4 51. Kd2 Kc5 52. Nf7 Kd4 53. Nh6 e5 54. Nf5+ Kc4 55. Ne3+ Kc5 56. Kd3 e4+ 57. Kc3 Bc6 58. b3 Bd5 59. b4+ Kc6 60. Kd4 Bf7 61. Nd1 Kb5 62. Kc3 Bh5 63. Ne3 Bf7 64. Nf5 Bd5 65. Nd4+ Kb6 66. Kd2 Bb7 67. Ke3 Bd5 68. Kf4 Bb7 69. Ke3 Bd5 70. Ke2 Bb7 71. Kd2 Bd5 72. Kc3 Bb7 73. Kc4 Ba6+ 74. Kc3 e3 75. Kc2 e2 76. Kd2 Bc4 77. Nc2 Kb5 78. Kc3 Bd5 79. Nd4+ Kb6 80. Nxe2 Bc6 81. Nd4 Bb5 82. Kd2 Bc6 83. Ke3 Bd5 84. Kf4 Bc6 85. Ke5 Bg2 86. Kf5 Bh1 87. Kf4 Bd5 88. Ke3 Bh1 89. Kd2 Bd5 90. Kc2 Bb7 91. Kb2 Be4 92. Ne2 Bd5 93. Nc3 Bc4 94. Ka3 Bb5 95. Kb3 Bd7 96. Nd5+ Kb5 97. Kc3 Kc6 98. Kd4 Be6 99. Nf4 Kb5 100. Kc3 Bf7 101. Nh3 Be6 102. Ng5 Bd5 103. Nh7 Be6 104. Nf6 Bf7 105. Ng4 Be6 106. Nh2 Bd5 107. Nf1 Be6 108. Nd2 Bd5 109. Nb1 Ka4 110. Nd2 Kb5 111. Nf1 Be6 112. Ne3 Ka4 113. Nc2 Bd7 114. Kc4 Bb5+ 115. Kc5 Be8 116. Nd4 Ka3 117. Nf5 Bd7 118. Ne7 Kb3 119. Nd5 Ka3 120. Ne3 Be8 121. Nc4+ Kb3 122. Na5+ Ka4 123. Nb7 Bd7 124. Nd6 Kb3 125. Ne4 Be8 126. Nf6 Ba4 127. Nd5 Be8 128. Nf6 Ba4 129. Ng4 Bd7 130. Nf2 1/2-1/2


[Site "https://www.chess.com"]

[Event "Titled Tuesday Blitz April 26 Late 2022"]
[White "Pesotskiy, Mikhail"]
[Black "Sliwicka, Alicja"]
[WhiteFideId "34164453"]
[BlackFideId "1150677"]
[WhiteElo "2567"]
[BlackElo "2488"]
[Result "1-0"]
[Round "11"]
[TimeControl "180+1"]
[Date "2022.04.26"]
[WhiteClock "0:01:02"]
[BlackClock "0:00:19"]

1. d4 Nf6 2. c4 c5 3. d5 b5 4. cxb5 a6 5. bxa6 g6 6. Nc3 Bg7 7. Nf3 O-O 8. e4 Qa5 9. Bd2 Bxa6 10. Be2 d6 11. O-O Bxe2 12. Qxe2 Qa6 13. Rfe1 Nbd7 14. e5 Ng4 15. exd6 exd6 16. h3 Nge5 17. Nxe5 Nxe5 18. Nb5 c4 19. a4 Nd3 20. Bc3 Nxe1 21. Rxe1 Qb7 22. Bxg7 Kxg7 23. Qxc4 Rfe8 24. Rxe8 Rxe8 25. Qc3+ f6 26. Nxd6 Qe7 27. Nxe8+ Qxe8 28. Qd4 g5 29. d6 Qd7 30. a5 h5 31. a6 g4 32. hxg4 hxg4 33. a7 Qc8 34. d7 Qc1+ 35. Kh2 Qc7+ 36. g3 Qd8 37. a8=Q Qxa8 38. d8=Q Qc6 39. Q8d7+ Qxd7 40. Qxd7+ Kh6 41. Qxg4 f5 42. Qxf5 1-0


[Site "https://www.chess.com"]

[Event "Titled Tuesday Blitz April 26 Late 2022"]
[White "Petrova, Irina"]
[Black "Jarocka, Liwia"]
[WhiteFideId "14124122"]
[BlackFideId "21807558"]
[WhiteElo "1993"]
[BlackElo "1896"]
[Result "1-0"]
[Round "11"]
[TimeControl "180+1"]
[Date "2022.04.26"]
[WhiteClock "0:00:50"]
[BlackClock "0:01:40"]

1. e4 c6 2. d4 d5 3. e5 c5 4. dxc5 e6 5. a3 Bxc5 6. Qg4 g6 7. b4 Be7 8. Bb2 h5 9. Qg3 Nh6 10. Bd3 Nc6 11. Nd2 Nf5 12. Bxf5 exf5 13. e6 Rf8 14. exf7+ Rxf7 15. Qxg6 Bf6 16. Bxf6 Qxf6 17. Qxf6 Rxf6 18. Ngf3 Be6 19. O-O Kd7 20. Rfe1 Rg8 21. Ne5+ Nxe5 22. Rxe5 Rfg6 23. g3 h4 24. Rae1 f4 25. Nb3 b6 26. Nd4 Bh3 27. Re7+ Kc8 28. Re8+ Kd7 29. R1e7+ Kd6 30. Nb5+ Kc6 31. Nxa7+ Kd6 32. Nb5+ Kc6 33. Nd4+ Kd6 34. Rxg8 Rxg8 35. Rh7 1-0


[Site "https://www.chess.com"]

[Event "Titled Tuesday Blitz April 26 Late 2022"]
[White "Petrovic, Aleksa"]
[Black "Karttunen, Mika"]
[WhiteFideId "967629"]
[BlackFideId "502081"]
[WhiteElo "2198"]
[BlackElo "2343"]
[Result "1-0"]
[Round "11"]
[TimeControl "180+1"]
[Date "2022.04.26"]
[WhiteClock "0:00:12"]
[BlackClock "0:00:05"]

1. d4 Nf6 2. c4 e6 3. Nf3 Bb4+ 4. Bd2 Qe7 5. g3 Bxd2+ 6. Qxd2 d6 7. Nc3 e5 8. Bg2 O-O 9. O-O Nc6 10. d5 Nb8 11. b4 c6 12. Rfd1 Rd8 13. dxc6 Nxc6 14. b5 Na5 15. Nd5 Nxd5 16. Qxa5 Nb6 17. Qb4 Bg4 18. a4 Rac8 19. Rac1 Rc5 20. a5 Nd7 21. h3 Be6 22. Nd2 Nf6 23. Nb3 Rcc8 24. Rd2 Qc7 25. c5 dxc5 26. Rxc5 Rxd2 27. Rxc7 Rd1+ 28. Kh2 Rxc7 29. b6 axb6 30. axb6 Rcd7 31. Nc5 R7d4 32. Qa3 h5 33. Nxe6 fxe6 34. Bxb7 e4 35. Bc8 Rb1 36. b7 Rdd1 37. Bxe6+ Kh7 38. Bf5+ Kh6 39. Qe3+ g5 40. Bxe4 Nxe4 41. Qxe4 Rb6 42. h4 Rdb1 43. hxg5+ Kxg5 44. Qf4+ Kg6 45. e4 Rxb7 46. Qf5+ Kh6 47. e5 R1b2 48. e6 Re2 49. Qf4+ Kg7 50. Qd4+ Kf8 51. Qd6+ Re7 52. Qf4+ Ke8 53. Qf5 R7xe6 54. Qxh5+ Ke7 55. Kg2 Kd7 56. Qd5+ Ke7 57. g4 Kf6 58. g5+ Kg6 59. Kg3 R2e5 60. Qd3+ Kxg5 61. f4+ Kf6 62. fxe5+ Rxe5 63. Kf4 Ke6 64. Qa6+ Kd5 65. Qb5+ Kd4 66. Qxe5+ 1-0


[Site "https://www.chess.com"]

[Event "Titled Tuesday Blitz April 26 Late 2022"]
[White "Piekarski, Atila Balzer"]
[Black "Mirza, Diana"]
[WhiteFideId "2119552"]
[BlackFideId "2503999"]
[WhiteElo "2050"]
[BlackElo "1813"]
[Result "0-1"]
[Round "11"]
[TimeControl "180+1"]
[Date "2022.04.26"]
[WhiteClock "0:00:26"]
[BlackClock "0:00:44"]

1. d4 Nf6 2. Bg5 h6 3. Bxf6 gxf6 4. c4 e5 5. e3 d6 6. Nc3 Bf5 7. h3 Na6 8. Qf3 Qc8 9. g4 Nb4 10. O-O-O Bg6 11. Qxf6 Rg8 12. Nd5 Nxa2+ 13. Kd2 c6 14. Nc3 Nxc3 15. bxc3 exd4 16. cxd4 Qe6 17. Qxe6+ fxe6 18. Bg2 d5 19. c5 b6 20. cxb6 axb6 21. Ne2 Bb4+ 22. Kc1 Ra2 23. Nf4 Ba3# 0-1


[Site "https://www.chess.com"]

[Event "Titled Tuesday Blitz April 26 Late 2022"]
[White "Prohorov, Olexandr"]
[Black "Maksimovic, Bojan"]
[WhiteFideId "14105578"]
[BlackFideId "14408120"]
[WhiteElo "1993"]
[BlackElo "2448"]
[Result "1/2-1/2"]
[Round "11"]
[TimeControl "180+1"]
[Date "2022.04.26"]
[WhiteClock "0:00:17"]
[BlackClock "0:00:08"]

1. d4 d6 2. Nf3 g6 3. Bf4 Bg7 4. e3 Nc6 5. Be2 e5 6. Bg3 Nge7 7. dxe5 dxe5 8. Qxd8+ Kxd8 9. Nc3 f6 10. O-O-O+ Bd7 11. e4 Kc8 12. Bc4 Na5 13. Be2 Be6 14. Nd2 Bh6 15. Kb1 Nac6 16. Nb3 Bxb3 17. axb3 Nd4 18. Bc4 c6 19. f4 exf4 20. Bf2 c5 21. b4 cxb4 22. Bxd4 bxc3 23. Bxc3 Kc7 24. e5 fxe5 25. Bxe5+ Kb6 26. Bxh8 Rxh8 27. Rd7 Nc6 28. Rhd1 Ne5 29. R7d6+ Kc7 30. Be2 Bg7 31. Bf3 Re8 32. c3 Re7 33. h3 a6 34. Ka2 Nc4 35. Rd8 Ne5 36. R8d6 g5 37. R6d2 Nc4 38. Rd8 h6 39. Rg8 Nd6 40. Kb3 Nf5 41. Rdd8 Nd6 42. Ra8 Kb6 43. Rad8 Kc5 44. Kc2 a5 45. b4+ axb4 46. cxb4+ Kxb4 47. Rxd6 Rc7+ 48. Kd1 Be5 49. Rb6+ Ka5 50. Rxb7 Rxb7 51. Bxb7 Kb6 52. Bf3 Kc5 53. Rg6 h5 54. Rh6 g4 55. hxg4 hxg4 56. Bxg4 Kd4 57. Ke2 Bg7 58. Rh7 Be5 59. Bf3 Kc5 60. Rh5 Kd6 61. Rxe5 Kxe5 62. Kd3 Kf5 63. Kd4 Kg5 64. Ke4 Kh4 65. Kxf4 1/2-1/2


[Site "https://www.chess.com"]

[Event "Titled Tuesday Blitz April 26 Late 2022"]
[White "Przybylski, Wojciech"]
[Black "D`Arruda, Ricardo D."]
[WhiteFideId "1117599"]
[BlackFideId "100692"]
[WhiteElo "2133"]
[BlackElo "2373"]
[Result "0-1"]
[Round "11"]
[TimeControl "180+1"]
[Date "2022.04.26"]
[WhiteClock "0:00:19"]
[BlackClock "0:01:07"]

1. d4 Nf6 2. c4 e5 3. dxe5 Ne4 4. Qc2 d5 5. Nd2 Bf5 6. Nxe4 Bxe4 7. Qb3 Nc6 8. Nf3 Nb4 9. Nd4 dxc4 10. Qa4+ c6 11. Be3 b5 12. Qd1 c5 13. a3 cxd4 14. axb4 dxe3 15. fxe3 Bxb4+ 16. Kf2 Qxd1 17. Rxd1 Ke7 18. Rd4 Bc6 19. h4 Rhd8 20. Rg4 Kf8 21. h5 h6 22. Rf4 Re8 23. Rg1 Rxe5 24. g4 Bc5 0-1


[Site "https://www.chess.com"]

[Event "Titled Tuesday Blitz April 26 Late 2022"]
[White "Remolar Gallen, Jose"]
[Black "De Souza, Cristiano Gomes"]
[WhiteFideId "2215187"]
[BlackFideId "2151758"]
[WhiteElo "2205"]
[BlackElo "2068"]
[Result "1/2-1/2"]
[Round "11"]
[TimeControl "180+1"]
[Date "2022.04.26"]
[WhiteClock "0:00:15"]
[BlackClock "0:00:10"]

1. d4 Nf6 2. c4 g6 3. Nc3 Bg7 4. e4 d6 5. Be2 O-O 6. Be3 e5 7. d5 Nbd7 8. h4 Nc5 9. Qc2 a5 10. h5 Bd7 11. O-O-O Ng4 12. Bxg4 Bxg4 13. f3 Bd7 14. Nh3 f5 15. hxg6 hxg6 16. Bg5 Qe8 17. Nf2 Kf7 18. exf5 Bxf5 19. Nfe4 Rh8 20. g4 Nxe4 21. Nxe4 Bd7 22. c5 Qf8 23. Rxh8 Bxh8 24. Kb1 Bg7 25. cxd6 cxd6 26. Qc7 Kg8 27. Qxd7 Qxf3 28. Qe6+ Kh8 29. Nc3 e4 30. Qxg6 Bxc3 31. Qh6+ Kg8 32. Qe6+ Kh8 33. Qh6+ Kg8 34. Rh1 Qd3+ 35. Ka1 Bxb2+ 36. Kxb2 Qd4+ 37. Kb1 Qd3+ 38. Kb2 Qd4+ 39. Kb3 a4+ 40. Kc2 Rc8+ 41. Kb1 Qb4+ 42. Ka1 Qc3+ 43. Kb1 Qc2+ 44. Ka1 Qc3+ 45. Kb1 Qc2+ 46. Ka1 Qc3+ 1/2-1/2


[Site "https://www.chess.com"]

[Event "Titled Tuesday Blitz April 26 Late 2022"]
[White "Richter, Nils"]
[Black "Rosenberg, Evan S"]
[WhiteFideId "12990809"]
[BlackFideId "2019299"]
[WhiteElo "2243"]
[BlackElo "2378"]
[Result "1-0"]
[Round "11"]
[TimeControl "180+1"]
[Date "2022.04.26"]
[WhiteClock "0:00:54"]
[BlackClock "0:00:03"]

1. e4 e5 2. Nf3 Nc6 3. Bb5 Nf6 4. O-O Nxe4 5. d4 Nd6 6. Bxc6 dxc6 7. dxe5 Nf5 8. Qxd8+ Kxd8 9. h3 Ke8 10. b3 h5 11. Bb2 Be6 12. Nbd2 Be7 13. Ne4 h4 14. Rad1 Rh5 15. Nd4 Nxd4 16. Bxd4 b6 17. f4 c5 18. Be3 Bf5 19. Nc3 Bxc2 20. Rd2 Bf5 21. Nb5 Bd8 22. Rfd1 a6 23. Nc3 Be6 24. Kf2 Be7 25. Nd5 Bxd5 26. Rxd5 Rd8 27. Rxd8+ Bxd8 28. Kf3 g6 29. Ke4 Rf5 30. a4 Ke7 31. Ra1 a5 32. Rd1 Rh5 33. Kd5 Kd7 34. Kc4+ Ke7 35. Kb5 g5 36. f5 f6 37. e6 Rh8 38. Rd7+ Ke8 39. Kc6 Rg8 40. Rh7 g4 41. Rxh4 gxh3 42. gxh3 Rg3 43. Rh8+ Ke7 44. Bh6 Rxb3 45. Bf8+ Ke8 46. Bd6# 1-0


[Site "https://www.chess.com"]

[Event "Titled Tuesday Blitz April 26 Late 2022"]
[White "Rosen, Eric"]
[Black "Nozdrachev, Leonid"]
[WhiteFideId "2032562"]
[BlackFideId "24113433"]
[WhiteElo "2629"]
[BlackElo "2520"]
[Result "1-0"]
[Round "11"]
[TimeControl "180+1"]
[Date "2022.04.26"]
[WhiteClock "0:00:05"]
[BlackClock "0:00:03"]

1. d4 d6 2. e4 Nf6 3. Nc3 e5 4. Nf3 Nbd7 5. Bc4 Be7 6. O-O O-O 7. a4 c6 8. Re1 Qc7 9. h3 Re8 10. Be3 Nf8 11. Ng5 Ne6 12. Nxe6 Bxe6 13. Bxe6 fxe6 14. dxe5 dxe5 15. Qe2 Bb4 16. Bd2 Qa5 17. Qc4 Rad8 18. Rad1 Rd4 19. Qb3 Kf7 20. Be3 Rxd1 21. Rxd1 Bxc3 22. bxc3 Re7 23. f3 Qa6 24. c4 Rd7 25. Rd3 Kg6 26. g4 Qa5 27. Kf2 b6 28. c5 Kf7 29. g5 Rxd3 30. Qxd3 Ng8 31. cxb6 axb6 32. h4 Ne7 33. h5 Qb4 34. Qb3 Qa5 35. Qc4 Qa7 36. Qb4 c5 37. Qb5 Qc7 38. a5 bxa5 39. Bxc5 Nc6 40. Bb6 Qd7 41. Be3 Qd6 42. Qb7+ Ne7 43. Qa7 Qc6 44. Bc5 Qe8 45. Qxa5 Kg8 46. Qc7 Nc6 47. h6 gxh6 48. gxh6 Ne7 49. Qxe7 Qxe7 50. Bxe7 1-0


[Site "https://www.chess.com"]